 Dungeon Crawl Stone Soup version 0.19-a0-459-gb8ed64d (webtiles) character file.

1349776 Delvonshi the Lord of Darkness (level 27, -1/206 HPs)
             Began as a Demonspawn Conjurer on May 31, 2016.
             Was the Champion of Kikubaaqudgha.
             Slain by a blizzard demon (3 damage)
             ... created by the effects of Hell
             ... on level 7 of Cocytus on June 2, 2016.
             The game lasted 15:02:39 (143238 turns).

Delvonshi the Lord of Darkness (DsCj)             Turns: 143238, Time: 15:02:47

Health: -1/206     AC: 21    Str:  8    XL:     27
Magic:  0/63       EV: 29    Int: 37    God:    Kikubaaqudgha [******]
Gold:   10017      SH: 19    Dex: 27    Spells: 13 memorised, 0 levels left

rFire  . . .     SeeInvis .     T - +9 demon trident (pierce)
rCold  + + .     Gourm    .     D - +4 moon troll leather armour {Spirit, Regen++ MP+5}
rNeg   + + .     Faith    .     P - +4 buckler "Acuageuk" {Int+3 Dex+2}
rPois  +         Spirit   +     (helmet unavailable)
rElec  .         Dismiss  .     J - +2 cloak of Patience {Int+4 Dex+4}
rCorr  .         Reflect  +     C - +1 pair of gloves "Otruot" {rPois rC+ MP+9}
SustAt .         Harm     .     R - +2 pair of boots {run}
MR     ++...                    w - +5 amulet of reflection
Stlth  ++++++....               B - ring "Xiedekadd" {rC+ rN+ Int+4}
                                y - ring "Uloheuso" {Wiz rC- rN+ Dex+5}

@: quick, very resistant to hostile enchantments, very stealthy
A: horns 3, rugged brown scales 3, cold resistance 1, deterioration 1,
nightstalker 3, passive freeze, screaming 1, spiny 3, weak 1, freezing cloud
immunity, MP-powered wands
a: Receive Corpses, Torment, Renounce Religion
}: 14/15 runes: decaying, slimy, silver, golden, iron, obsidian, bone, abyssal,
demonic, glowing, magical, fiery, dark, gossamer


You were on level 7 of Cocytus.
You worshipped Kikubaaqudgha.
Kikubaaqudgha was exalted by your worship.
You were very full.

You visited 17 branches of the dungeon, and saw 92 of its levels.
You visited Pandemonium 1 time, and saw 21 of its levels.
You visited the Abyss 2 times.
You visited 1 bazaar.
You also visited: Labyrinth and Wizlab.

You collected 13978 gold pieces.
You spent 3961 gold pieces at shops.

Inventory:

Hand Weapons
 T - a +9 demon trident of piercing (weapon)
Armour
 C - the +1 pair of gloves "Otruot" (worn) {rPois rC+ MP+9}
   (You found it on level 15 of the Dungeon)

   It protects you from cold.
   It protects you from poison.
   It affects your magic capacity (+9).
 D - the +4 moon troll leather armour (worn) {Spirit, Regen++ MP+5}
   (You bought it in a shop on level 2 of the Orcish Mines)

   It affects your magic capacity (+5).
   It increases your rate of regeneration.
 J - the +2 cloak of Patience (worn) {Int+4 Dex+4}
   (You bought it in a shop on level 2 of the Orcish Mines)

   It affects your intelligence (+4).
   It affects your dexterity (+4).
 P - the +4 buckler "Acuageuk" (worn) {Int+3 Dex+2}
   (You found it on level 5 of the Vaults)

   It affects your intelligence (+3).
   It affects your dexterity (+2).
 R - a +2 pair of boots of running (worn)
Magical Staves
 x - an uncursed staff of wizardry
 L - an uncursed staff of cold
Jewellery
 b - a ring of the Octopus King {rC+ AC+1 EV+1 Str+1 Int+1 Dex+1, unknown}
   (You took it off a skeletal warrior on level 7 of Tartarus)

   [ring of protection from cold]

   It affects your AC (+1).
   It affects your evasion (+1).
   It affects your strength (+1).
   It affects your intelligence (+1).
   It affects your dexterity (+1).
   It protects you from cold.
 f - the ring "Sokkypp" {rElec rF+ Int+3 Stlth-}
   (You found it on level 5 of the Vaults)

   [ring of loudness]

   It affects your intelligence (+3).
   It protects you from fire.
   It insulates you from electricity.
   It makes you less stealthy.
 k - the ring "Lask" {rElec rF+}
   (You found it on level 6 of the Pits of Slime)

   [ring of protection from fire]

   It protects you from fire.
   It insulates you from electricity.
 p - the ring of the Cast Vote {+Fly Int+5 Dex+3}
   (You found it on level 4 of the Depths)

   [ring of dexterity]

   It affects your intelligence (+5).
   It affects your dexterity (+3).
   It lets you fly.
 t - an uncursed ring of see invisible
 v - the ring of Existentialism {rCorr rElec MR+ Int+2}
   (You bought it in a shop on level 2 of the Orcish Mines)

   [ring of resist corrosion]

   It affects your intelligence (+2).
   It insulates you from electricity.
   It affects your resistance to hostile enchantments.
 w - a +5 amulet of reflection (around neck)
 y - the ring "Uloheuso" (left hand) {Wiz rC- rN+ Dex+5}
   (You found it in Pandemonium)

   [ring of wizardry]

   It improves your spell success rate.
   It affects your dexterity (+5).
   It makes you vulnerable to cold.
   It protects you from negative energy.
 B - the ring "Xiedekadd" (right hand) {rC+ rN+ Int+4}
   (You found it on level 2 of the Lair of Beasts)

   [ring of protection from cold]

   It affects your intelligence (+4).
   It protects you from cold.
   It protects you from negative energy.
Wands
 o - a wand of teleportation (5/9)
 z - a wand of digging (16/24)
 G - a wand of hasting (8/9)
 H - a wand of digging (17/24)
 N - a wand of heal wounds (6/9)
 O - a wand of disintegration (8/24)
Scrolls
 a - 3 scrolls of fog
 g - 18 scrolls of identify
 j - 13 scrolls of recharging
 l - 4 scrolls of fear
 n - 3 scrolls of blinking
 A - 3 scrolls of teleportation
 I - 39 scrolls of remove curse
 M - a scroll of magic mapping
 W - 7 scrolls of enchant weapon
 X - 3 scrolls of enchant armour
Potions
 d - 4 potions of resistance
 e - 3 potions of magic
 h - 24 potions of curing
 i - 6 potions of agility
 q - 6 potions of heal wounds
 s - 8 potions of brilliance
 F - 4 potions of berserk rage
 K - 6 potions of might
 Q - 2 potions of cancellation
 S - 7 potions of flight
 U - 6 potions of ambrosia
 Y - 5 potions of invisibility
 Z - 7 potions of haste
Comestibles
 r - 23 meat rations
 V - 24 bread rations


   Skills:
 - Level 20.9 Fighting
 - Level 14.0 Polearms
 - Level 9.1 Armour
 - Level 16.9 Dodging
 - Level 3.8 Stealth
 - Level 17.9 Shields
 - Level 22.4 Spellcasting
 - Level 25.3 Conjurations
   Level 8.4 Hexes
 - Level 14.2 Charms
 - Level 15.7 Summonings
 + Level 25.4 Necromancy
 - Level 11.7 Transmutations
   Level 8.8 Fire Magic
 - Level 22.4 Ice Magic
 - Level 9.7 Air Magic
 - Level 8.0 Earth Magic


You couldn't memorise any spells.
You knew the following spells:

 Your Spells              Type           Power        Failure   Level  Hunger
a - Simulacrum            Ice/Necr       ########..   0%          6    None
b - Haunt                 Necr/Summ      ########..   1%          7    None
c - Borgnjor's Revivific  Necr           ########..   1%          8    #......
d - Glaciate              Conj/Ice       ########..   4%          9    ####...
e - Repel Missiles        Chrm/Air       ######       0%          2    None
f - Sublimation of Blood  Necr           ########..   0%          2    None
g - Cigotuvi's Embrace    Necr           ########..   0%          5    None
h - Haste                 Chrm           #######.     1%          6    None
i - Death's Door          Chrm/Necr      ########..   1%          8    #......
j - Regeneration          Chrm/Necr      ########..   0%          3    None
k - Necromutation         Tmut/Necr      ########..   1%          8    #......
l - Apportation           Tloc           #####.....   1%          1    None
m - Lee's Rapid Deconstr  Erth           #######...   1%          5    None


Dungeon Overview and Level Annotations

Branches:
Dungeon (15/15)            Temple (0/1) D:7            Lair (8/8) D:10
  Swamp (4/4) Lair:4       Spider (4/4) Lair:5        Slime (6/6) Lair:6
    Orc (2/2) D:10            Elf (3/3) Orc:2        Vaults (5/5) D:14
  Crypt (3/3) Vaults:3       Tomb (3/3) Crypt:3      Depths (5/5) D:15
   Hell (1/1)                 Dis (7/7) Hell            Geh (7/7) Hell
    Coc (7/7) Hell            Tar (7/7) Hell            Zot (5/5) Depths:5

Altars:
Ashenzari
Cheibriados
Dithmenos
Fedhas
Gozag
Hepliaklqana
Kikubaaqudgha
Makhleb
Nemelex Xobeh
Okawaru
Qazlal
Sif Muna
Trog
Uskayaw
Vehumet
Xom
The Shining One
Beogh
Jiyva

Shops:
D:4 !   D:10 ?   Orc:2 ?[=(   Vaults:2 (

Portals:
Hell: Depths:1 Depths:2 Depths:3 Depths:4 Depths:5
Abyss: Depths:4
Pandemonium: Depths:3
Ziggurat: Depths:5
Trove: D:15 (give wand of heal wounds (9))

Annotations:
D:4 Econoterrorist's ghost, amateur MiGl
D:5 duskshroud's ghost, novice MiBe
D:7 exclusion: statue
Elf:2 Nikola
Geh:7 Asmodeus


Innate Abilities, Weirdness & Mutations

You have a pair of large horns on your head.
You are completely covered in rugged brown scales. (AC +3, +7% HP)
Your flesh is cold resistant. (rC+)
You are completely attuned to the shadows.
A frigid envelope surrounds you and freezes all who hurt you.
You are completely covered in sharp spines.
You are immune to freezing clouds.
Your body sometimes deteriorates upon taking damage.
You occasionally shout uncontrollably at your foes.
You are weak. (Str -2)
You expend magic power (3 MP) to strengthen your wands.


Message History

The shard shrike claws you.
* * * LOW HITPOINT WARNING * * *
The shard shrike freezes you!! You resist.
* * * LOW HITPOINT WARNING * * *
The shard shrike appears unharmed.
The shard shrike is struck by your spines.
The shard shrike barely misses you. The shard shrike misses you.
You feel much better. The shard shrike claws you!
* * * LOW HITPOINT WARNING * * *
The shard shrike freezes you!! You resist.
* * * LOW HITPOINT WARNING * * *
The shard shrike resists.
The shard shrike is very cold.
The shard shrike is heavily wounded.
The shard shrike claws you but does no damage.
The shard shrike resists.
The shard shrike is very cold.
The shard shrike is lightly wounded.
The blizzard demon is struck by your spines.
The blizzard demon hits you.
You die...
Kikubaaqudgha rasps: "You have failed me!
Welcome... death!"

************≈≈≈≈≈..≈≈≈≈#
*≈≈≈≈≈..
************≈≈≈≈...≈≈≈≈#
*≈≈≈≈≈..
************≈≈≈≈...≈≈≈≈*
*≈≈≈≈≈..
************≈≈≈≈...≈≈≈≈*
*≈≈≈≈≈..
************≈≈≈≈≈..≈≈≈≈*
*≈≈≈≈≈..
************≈≈≈≈≈..≈≈≈≈*
*≈≈≈≈...
************≈≈≈§...≈≈≈≈*
*≈≈≈≈...
***********#≈≈≈b...≈≈≈≈*
*≈≈≈≈...
***********#≈≈≈.@bb≈≈≈≈*
*≈≈≈....
***********#≈≈≈.2b.≈≈≈≈*
*≈≈≈....
***********#≈≈≈...≈≈≈≈≈*
*≈≈≈....
***********#≈≈....≈≈≈≈≈*
*≈≈≈....
***********#≈≈..÷.≈≈≈≈≈*
*≈≈≈≈...
***********#≈≈....≈≈≈≈**
**≈≈≈≈Z≈
***********#≈≈....≈≈≈≈*
*≈≈≈≈.Z
***********#≈≈≈..≈≈≈≈≈*
#≈≈≈≈≈≈
***********#§§§§§§§§§≈*
#≈≈≈Z≈≈


You could see 4 shard shrikes and a blizzard demon.

Vanquished Creatures
  Cerebov (Pan)
  the Royal Jelly (Slime:6)
  Ereshkigal (Tar:7)
  Gloorx Vloq (Pan)
  Mnoleg (Pan)
  the Serpent of Hell (Tar:7)
  Dispater (Dis:7)
  Khufu (Tomb:1)
  11 ancient liches
  Mara (Tomb:1)
  Mennas (Pan)
  28 greater mummies
  Saint Roka (Crypt:1)
  3 shard shrikes
  Norris (Vaults:2)
  A caustic shrike (Depths:3)
  Geryon (Hell)
  10 pandemonium lords (Pan)
  11 golden dragons
  12 bone dragons
  2 profane servitors
  20 Tzitzimimeh
  Jory (Tomb:1)
  2 iron giants (Dis:7)
  The ghost of YuzukiSeo the Warrior, a veteran GrGl of Okawaru (Slime:1)
  7 doom hounds
  20 Brimstone Fiends
  An electric golem (Zot:5)
  16 liches
  15 tentacled monstrosities
  6 Orb Guardians (Zot:5)
  11 Hell Sentinels
  Rupert (D:15)
  12 Ice Fiends
  3 titans
  25 Executioners
  Asterion (Elf:3)
  A deep elf blademaster (Elf:3)
  5 quicksilver dragons
  33 acid blobs
  6 death cobs
  Frances (Spider:1)
  8 sphinxes (Tomb:1)
  27 tentacled starspawn
  11 storm dragons
  The ghost of splatman the Fencer, an adept FoFi of Hepliaklqana (Swamp:4)
  3 eldritch tentacles
  3 tengu reavers (Vaults:5)
  11 ancient champions
  2 thorn hunters
  19 azure jellies
  11 shadow dragons
  Wiglaf (Vaults:1)
  4 draconian monks
  9 fire giants
  6 revenants
  A daeva (Abyss:2)
  11 vault wardens
  Maud (D:13)
  7 deep elf sorcerers
  Donald (Orc:2)
  2 orc warlords
  3 iron dragons
  5 draconian knights
  9 corrupters (Pan)
  2 draconian zealots
  3 curse skulls
  Louise (D:14)
  8 frost giants
  21 balrugs
  2 emperor scorpions (Spider:4)
  4 ghost moths
  Aizul (Vaults:1)
  4 draconian shifters
  4 deep elf elementalists
  5 draconian scorchers
  5 draconian annihilators
  A caustic shrike skeleton (Depths:1)
  10 ironheart preservers
  15 ghouls
  12 warmongers (Pan)
  33 cacodemons
  A juggernaut zombie (Hell)
  12 stone giants
  47 reapers
  18 war gargoyles
  47 very ugly things
  An ophan (Abyss:1)
  54 starcursed masses
  8 blood saints (Pan)
  13 chaos champions (Pan)
  11 green draconians
  6 black draconians
  10 vampire knights
  2 elemental wellsprings (Coc:7)
  2 deep elf demonologists (Elf:3)
  16 lorocyprocas
  8 deep elf annihilators
  3 bennus
  5 purple draconians
  7 white draconians
  2 mottled draconians
  8 red draconians
  6 black suns (Pan)
  5 yellow draconians
  9 ettins
  A spectral titan (Crypt:3)
  13 green deaths
  A crystal guardian (Abyss:3)
  3 deep elf death magi
  2 spectral quicksilver dragons (Crypt:3)
  4 quicksilver dragon zombies
  28 vault guards
  25 blizzard demons
  8 eidola
  A minotaur (Lab)
  3 deep elf high priests
  8 yaktaur captains
  27 mummy priests
  A kraken zombie (Coc:7)
  15 fire dragons
  20 jiangshi
  2 spectral golden dragons (Crypt:3)
  6 quicksilver dragon skeletons
  18 great orbs of eyes
  7 entropy weavers
  25 ice dragons
  20 death oozes
  7 monstrous demonspawn (Pan)
  10 rakshasas
  9 hydras
  A spectral shadow dragon (Crypt:3)
  3 ghost crabs
  3 catoblepae (Lair:8)
  12 hell beasts
  6 spriggan air magi
  A ghost crab (shapeshifter) (Vaults:5)
  4 death knights
  11 centaur warriors
  5 deep troll earth magi
  9 deep troll shamans
  9 tengu warriors
  26 hell hogs
  13 dancing weapons
  7 alligators
  A spectral stone giant (Crypt:3)
  13 ogre magi
  A spectral fire giant (Crypt:3)
  9 death yaks
  A spectral frost giant (Crypt:3)
  27 thrashing horrors
  5 titan zombies
  12 vampire magi
  A spectral dire elephant (Crypt:3)
  Urug (Lair:1)
  70 hell knights
  2 storm dragon zombies
  3 spriggan berserkers (Depths:4)
  6 spriggans
  A titan skeleton (Abyss:1)
  59 sun demons
  22 deep elf knights
  2 iron golems
  27 shadow wraiths
  49 soul eaters
  2 fire crabs (shapeshifter)
  A fire crab (Vaults:3)
  4 storm dragon skeletons
  15 wretched stars
  99 skeletal warriors
  23 deep trolls
  A spectral ghost moth (Crypt:3)
  18 gelid demonspawn (Pan)
  2 spark wasp zombies
  8 spatial maelstroms
  21 flayed ghosts
  A spectral anaconda (Crypt:3)
  2 unseen horrors
  A death drake (Depths:4)
  3 iron trolls
  A deep troll (shapeshifter) (Abyss:3)
  A ghost moth zombie (Coc:1)
  19 shadow demons
  A swamp dragon (shapeshifter) (Vaults:5)
  2 golden dragon zombies
  4 anaconda skeletons
  20 giant orange brains
  37 death scarabs
  3 spriggan druids
  7 anubis guards
  5 infernal demonspawn (Pan)
  13 putrid demonspawn (Pan)
  A swamp dragon (Swamp:4)
  2 spectral hydras
  A shambling mangrove (Swamp:4)
  14 deep elf archers
  5 wizards
  9 hill giants
  11 torturous demonspawn (Pan)
  14 orc knights
  A harpy (shapeshifter) (Vaults:5)
  6 shadow dragon zombies
  30 phantasmal warriors
  5 anaconda zombies
  4 shadow dragon skeletons
  7 ironbrand convokers
  10 orb spiders
  10 fire giant zombies
  7 griffons
  26 necromancers
  12 hornets
  58 ugly things
  5 stone giant zombies
  3 mana vipers
  27 wolf spiders
  48 deep elf magi
  4 golden dragon skeletons
  2 wolf spider zombies
  7 frost giant zombies
  A manticore (D:11)
  4 iron dragon zombies
  An orb spider (shapeshifter) (Vaults:4)
  5 shining eyes
  6 orc sorcerers
  6 worldbinders
  A salamander (shapeshifter) (Vaults:3)
  37 sixfirhies
  6 black mambas
  3 cyclopes
  16 moths of wrath
  3 iron dragon skeletons
  4 frost giant skeletons
  2 shock serpent zombies
  7 apocalypse crabs
  A hell hog skeleton (Crypt:1)
  80 smoke demons
  5 torpor snails
  3 guardian serpents (shapeshifter)
  34 rust devils
  3 ice statues
  5 stone giant skeletons
  3 gargoyles
  2 guardian serpents (Abyss:3)
  4 dire elephant zombies
  16 vault sentinels
  6 fire giant skeletons
  7 molten gargoyles
  2 emperor scorpion zombies
  A shock serpent skeleton (Geh:2)
  4 spectral swamp worms (Depths:2)
  Psyche (D:12)
  6 centaur skeletons
  A storm dragon simulacrum (Vaults:4)
  2 eyes of devastation (Slime:3)
  A yellow draconian zombie (Geh:7)
  14 spiny frogs
  A red draconian zombie (Tar:4)
  2 catoblepas zombies
  42 orange demons
  2 yaktaur zombies (Hell)
  39 freezing wraiths
  18 yaktaurs
  2 dire elephant skeletons
  A rime drake (shapeshifter) (Vaults:4)
  A yaktaur (shapeshifter) (Vaults:1)
  6 kobold demonologists
  47 tormentors
  4 anaconda simulacra
  48 demonic crawlers
  39 hellions
  23 ice devils
  14 efreet
  4 komodo dragons
  A rime drake (Lair:2)
  34 hellwings
  3 tengu conjurers
  23 ancient zymes
  13 trolls
  3 spectral merfolk (Depths:4)
  A minotaur zombie (Lab)
  37 red devils
  A catoblepas skeleton (Geh:7)
  4 harpy zombies
  A pale draconian skeleton (Crypt:2)
  41 guardian mummies
  An iron troll skeleton (Crypt:2)
  A polar bear (shapeshifter) (Abyss:3)
  18 jumping spiders
  A wolf spider simulacrum (Crypt:1)
  11 hydra zombies
  6 silent spectres
  28 two-headed ogres
  3 giant leeches
  A shadow dragon simulacrum (Abyss:1)
  49 raiju
  7 hydra skeletons
  An alligator zombie (Dis:7)
  A death drake skeleton (Crypt:1)
  A moth of wrath zombie (Crypt:1)
  13 ushabtiu
  3 harpy skeletons
  2 iron dragon simulacra
  3 ettin zombies
  2 fire dragon zombies
  5 boulder beetles
  A boulder beetle (shapeshifter) (Vaults:3)
  8 bog bodies
  8 ice dragon zombies
  A frost giant simulacrum (Vaults:3)
  14 blink frogs
  72 slime creatures
  A human simulacrum (Vaults:1)
  147 large abominations
  A raiju (shapeshifter) (Elf:3)
  A stone giant simulacrum (Abyss:3)
  36 wraiths
  4 ettin skeletons
  31 shadows
  59 redbacks
  5 fire dragon skeletons
  2 shock serpent simulacra
  4 alligator skeletons
  An elf zombie (WizLab)
  5 vampires
  82 flying skulls
  2 ice dragon skeletons
  8 air elementals
  A tarantella (shapeshifter) (Vaults:2)
  8 water elementals
  51 ynoxinuls
  22 fire elementals
  10 fire bats
  A black mamba skeleton (Pan)
  Eustachio (D:5)
  13 golden eyes
  A basilisk (shapeshifter) (D:15)
  A yak (shapeshifter) (Vaults:4)
  9 hippogriffs
  A dire elephant simulacrum (Abyss:2)
  21 tarantellas
  4 basilisks
  2 wyverns
  51 yaks
  A fire bat (shapeshifter) (Vaults:3)
  58 small abominations
  7 hungry ghosts
  A golden eye (shapeshifter) (Vaults:4)
  Grum (D:11)
  24 vampire mosquitoes
  2 swamp worm simulacra (Swamp:4)
  A yaktaur simulacrum (Vaults:4)
  41 neqoxecs
  A harpy simulacrum (Crypt:2)
  A spectral spiny frog (Crypt:3)
  40 chaos spawn
  5 mottled dragons
  13 spatial vortices
  7 hydra simulacra (Swamp:4)
  2 human zombies
  11 wargs
  A merfolk zombie (Geh:7)
  2 tengu zombies
  19 swamp worms
  12 water moccasins
  14 insubstantial wisps
  A soldier ant (shapeshifter) (Abyss:1)
  4 soldier ants (Spider:3)
  3 spectral snapping turtles (Crypt:3)
  46 hell hounds
  8 spiny frog zombies
  A giant eyeball (Depths:4)
  2 merfolk skeletons (Crypt:1)
  2 spiny frog skeletons
  2 tengu skeletons
  5 swamp drakes
  3 black bears
  10 porcupines
  2 spectral spriggans (Depths:4)
  2 spectral trolls (Depths:4)
  8 phantoms
  5 snapping turtle zombies
  7 ice beasts
  3 alligator simulacra
  A manticore zombie (Tar:5)
  36 orc warriors
  A black mamba simulacrum (Abyss:1)
  16 wasps
  4 sky beasts
  4 snapping turtle skeletons
  3 ettin simulacra (Depths:2)
  25 necrophages
  10 boggarts
  7 eyes of draining
  61 ogres
  A hog zombie (Crypt:3)
  8 wolves
  11 centaurs
  2 swamp dragon skeletons
  19 crocodiles
  6 big kobolds
  4 manticore skeletons
  22 giant frogs
  2 elf skeletons
  A merfolk simulacrum (Depths:4)
  A wyvern skeleton (D:13)
  2 scorpions (Lair:5)
  13 killer bees
  69 wights
  A spectral ogre (Crypt:3)
  A boulder beetle zombie (WizLab)
  4 spectral nagas (Depths:4)
  A spriggan skeleton (Tar:6)
  11 electric eels
  7 howler monkeys
  A wolf zombie (Crypt:3)
  13 crimson imps
  3 centaur zombies
  A spectral centaur (Depths:4)
  2 black bear zombies (Crypt:3)
  8 quasits
  16 hounds
  26 jellies
  20 orc priests
  17 iron imps
  13 orc wizards
  2 giant frog skeletons
  12 iguanas
  7 hell rats (Hell)
  22 worker ants
  A spriggan simulacrum (Depths:4)
  11 sheep
  A killer bee zombie (D:9)
  A naga skeleton (Geh:3)
  3 hound zombies
  3 hound skeletons (D:4)
  32 mummies
  4 worker ant zombies
  2 howler monkey skeletons
  58 river rats
  A scorpion zombie (Crypt:2)
  10 adders
  A naga simulacrum (Depths:4)
  A steam dragon zombie (Crypt:3)
  13 shadow imps
  19 white imps
  8 ufetubi
  3 oozes
  4 swamp drake simulacra (Swamp:4)
  An iguana skeleton (Crypt:3)
  2 adder skeletons (D:4)
  An adder zombie (D:5)
  2 worms (D:2)
  3 dart slugs
  4 giant geckos
  101 orcs
  10 bats
  10 giant cockroaches
  12 goblins
  11 hobgoblins
  23 jackals
  17 kobolds
  4 quokkas
  4 ball pythons
  A giant cockroach zombie (Crypt:2)
  A giant gecko skeleton (Crypt:1)
  3 giant newts
  A jackal zombie (D:6)
  A quokka skeleton (Crypt:2)
  A quokka zombie (D:5)
  4 rats
  9 blocks of ice
  2 fire vortices (Geh:1)
  A fulminant prism (Lair:8)
  5 lost souls
  3 lurking horrors
  4 macabre masses (Abyss:3)
  3 starspawn tentacles
5116 creatures vanquished.

Vanquished Creatures (collateral kills)
  An ancient lich (Tomb:1)
  An orb of fire (Zot:1)
  2 juggernauts (Depths:3)
  5 Tzitzimimeh
  2 electric golems (Zot:2)
  A Brimstone Fiend (Pan)
  Jorgrun (Vaults:5)
  2 tentacled monstrosities (Vaults:5)
  2 Orb Guardians (Zot:5)
  A lich (Vaults:5)
  A Hell Sentinel (Dis:7)
  A deep elf blademaster (Elf:3)
  A quicksilver dragon (Dis:7)
  An acid blob (Slime:6)
  2 sphinxes
  A tentacled starspawn (Abyss:1)
  A storm dragon (Zot:3)
  3 shadow dragons
  A fire giant (Depths:3)
  2 azure jellies (Slime:6)
  2 vault wardens (Vaults:5)
  4 deep elf sorcerers
  2 revenants
  A balrug (Abyss:1)
  3 cacodemons (Abyss:3)
  4 deep elf elementalists
  2 draconian shifters
  A ghoul (Crypt:1)
  A very ugly thing (Depths:1)
  2 emperor scorpions (Spider:4)
  3 ironheart preservers
  A war gargoyle (Vaults:5)
  5 reapers
  A deep elf demonologist (Elf:3)
  A draconian caller (Depths:5)
  A deep elf annihilator (Elf:3)
  5 stone giants
  A white draconian (Depths:5)
  A bennu (Tomb:2)
  2 red draconians
  2 yellow draconians
  A green death (Pan)
  A quicksilver dragon zombie (Abyss:1)
  A deep elf high priest (Elf:3)
  2 deep elf death magi (Elf:3)
  A death ooze (Slime:6)
  2 yaktaur captains (Vaults:5)
  3 ettins
  3 jiangshi
  2 mummy priests (Tomb:1)
  2 fire dragons
  A great orb of eyes (Depths:2)
  A rakshasa (Abyss:3)
  An entropy weaver (Depths:1)
  A hydra (Swamp:4)
  6 ice dragons
  A spriggan air mage (Depths:5)
  A starcursed mass (Abyss:2)
  18 dancing weapons
  An ogre mage (Orc:2)
  A queen ant (Spider:3)
  A vampire mage (Crypt:3)
  A death yak (Lair:7)
  A thrashing horror (Abyss:2)
  4 wretched stars
  Sonja (Lair:3)
  3 soul eaters
  A spatial maelstrom (Abyss:1)
  A deep elf knight (Elf:2)
  A shadow wraith (Abyss:3)
  13 hell knights
  A spark wasp zombie (WizLab)
  A death scarab (Tomb:3)
  2 giant orange brains
  An unseen horror (Abyss:1)
  3 shambling mangroves
  A shadow demon (Tar:3)
  A death drake (Depths:4)
  7 deep trolls
  A hill giant (Vaults:1)
  A deep elf archer (Vaults:5)
  A tengu zombie (WizLab)
  A flayed ghost (Tar:7)
  2 ironbrand convokers
  2 orange crystal statues (Depths:4)
  3 orc knights
  4 anubis guards
  A fire giant zombie (Tar:7)
  2 oklob plants (Elf:1)
  2 phantasmal warriors
  A sphinx skeleton (Depths:1)
  6 orb spiders
  A griffon (Lair:6)
  3 hornets
  4 ugly things
  2 shining eyes
  2 necromancers
  A salamander (Depths:5)
  3 deep elf magi
  7 wolf spiders
  3 moths of wrath
  5 sixfirhies
  A frost giant zombie (WizLab)
  A worldbinder (Abyss:3)
  A stone giant skeleton (Coc:7)
  A rust devil (Abyss:3)
  2 orange demons
  An apocalypse crab (Abyss:2)
  2 black mambas
  A centaur zombie (D:13)
  2 spiny frogs
  4 vault sentinels
  A yaktaur zombie (WizLab)
  A shock serpent skeleton (Tar:7)
  A smoke demon (Abyss:2)
  3 hellions
  A spectral swamp worm (Depths:2)
  A komodo dragon (Lair:7)
  A spectral merfolk (Depths:4)
  4 freezing wraiths
  An ancient zyme (Abyss:2)
  9 demonic crawlers
  4 guardian mummies
  A hellwing (Pan)
  2 giant leeches
  2 blink frogs (Swamp:4)
  11 jumping spiders
  A deep troll zombie (WizLab)
  A troll (D:13)
  An ettin zombie (Tar:7)
  A minotaur skeleton (Tar:2)
  5 two-headed ogres
  4 raiju
  14 large abominations
  2 bog bodies
  A spriggan zombie (WizLab)
  3 ushabtiu
  A boulder beetle (Vaults:1)
  23 slime creatures
  3 flying skulls
  19 redbacks
  A black mamba zombie (Crypt:1)
  A centaur simulacrum (D:15)
  2 water elementals (Depths:4)
  An air elemental (Depths:4)
  2 ynoxinuls
  7 yaks
  5 tarantellas
  2 wraiths
  A hungry ghost (Abyss:2)
  2 hippogriffs
  A hippogriff (shapeshifter) (Vaults:1)
  3 chaos spawn
  3 vampire mosquitoes
  2 spatial vortices
  2 swamp worm simulacra (Swamp:4)
  10 neqoxecs
  8 small abominations
  6 swamp worms
  2 insubstantial wisps (Swamp:4)
  A soldier ant (Spider:3)
  A soldier ant (shapeshifter) (Vaults:2)
  An infernal demonspawn zombie (WizLab)
  A hell hound (Abyss:1)
  A porcupine (Lair:2)
  A giant eyeball (Abyss:3)
  5 hydra simulacra (Swamp:4)
  2 water moccasins
  7 orc warriors
  A sky beast (D:13)
  An ice beast (D:13)
  2 black mamba simulacra
  2 necrophages
  7 wasps
  5 ogres
  4 crocodiles
  A scorpion (Lair:2)
  3 jellies
  A wight (Tar:2)
  A spectral ogre (Depths:4)
  3 electric eels (Lair:8)
  A quasit (Abyss:2)
  An orc priest (D:14)
  13 worker ants
  3 sheep
  A mottled dragon zombie (Crypt:3)
  A mummy (Tomb:2)
  10 river rats
  A white imp (Abyss:3)
  4 ufetubi
  A ball lightning (Pan)
  11 orcs
  2 blocks of ice (Pan)
  A bush (Lair:6)
  2 fungi
  6 plants
537 creatures vanquished.

Vanquished Creatures (others)
  2 liches
  A tentacled monstrosity (Vaults:5)
  A titan (Vaults:5)
  2 deep elf master archers (Elf:3)
  2 eldritch tentacles
  A draconian knight (Zot:4)
  A fire giant (Depths:4)
  A draconian scorcher (Zot:3)
  An ironheart preserver (Vaults:2)
  A blizzard demon (Dis:7)
  A vault guard (Vaults:5)
  A jiangshi (Crypt:1)
  A yaktaur captain (Vaults:4)
  A death knight (Crypt:1)
  A dancing weapon (Elf:2)
  2 centaur warriors
  2 deep elf knights (Vaults:3)
  A soul eater (Crypt:2)
  A wretched star (Abyss:3)
  A golden dragon zombie (Tomb:2)
  18 death scarabs
  A wizard (Pan)
  A deep troll (Vaults:3)
  A hill giant (D:13)
  An orc knight (Vaults:4)
  3 deep elf archers
  An orc sorcerer (Vaults:4)
  A cyclops (D:15)
  2 deep elf magi
  2 frost giant skeletons
  2 spiny frogs (Swamp:4)
  2 rust devils
  A smoke demon (Abyss:3)
  2 vault sentinels
  A dire elephant skeleton (Crypt:2)
  A yaktaur (Vaults:3)
  A death yak skeleton (Crypt:1)
  A hellwing (Abyss:3)
  A giant leech (Swamp:4)
  A wind drake (shapeshifter) (Vaults:2)
  A slime creature (Swamp:2)
  A boulder beetle (Vaults:3)
  An air elemental (Elf:2)
  A large abomination (Abyss:3)
  16 flying skulls
  A redback (Elf:1)
  A water elemental (Abyss:3)
  A shadow (Geh:2)
  A swamp worm (Swamp:4)
  A faun zombie (Crypt:1)
  A spectral troll (Depths:4)
  A hell hound (Dis:7)
  A manticore zombie (Tomb:1)
  A necrophage (Crypt:1)
  4 centaurs
  2 earth elementals
  A wight (Geh:2)
  A quasit (Abyss:1)
  A small abomination (Abyss:2)
  5 mummies
  A white imp (Abyss:2)
  10 ball lightnings (Pan)
  A rat (D:2)
  346 blocks of ice
  4 bushes (Abyss:3)
  A demonic plant (Abyss:3)
  249 eldritch tentacle segments
  100 fulminant prisms
  14 fungi
  8 lost souls
  5 lurking horrors
  20 plants
  43 starspawn tentacles
  226 starspawn tentacle segments
  4 tentacles (Coc:7)
  3 tentacle segments (Coc:7)
  27 withered plants
1174 creatures vanquished.

Grand Total: 6827 creatures vanquished

Notes
Turn   | Place    | Note
--------------------------------------------------------------
     0 | D:1      | Delvonshi the Demonspawn Conjurer began the quest for the Orb.
     0 | D:1      | Reached XP level 1. HP: 13/13 MP: 3/3
   191 | D:1      | Gained mutation: You are partially covered in rugged brown scales. (AC +1, +3% HP) [demonic ancestry]
   191 | D:1      | Reached XP level 2. HP: 14/20 MP: 0/5
   295 | D:1      | Found a glowing golden altar of the Shining One.
   330 | D:1      | Reached skill level 1 in Fighting
   927 | D:2      | Found a stormy altar of Qazlal.
   998 | D:2      | Reached XP level 3. HP: 15/26 MP: 0/6
  1552 | D:2      | Reached XP level 4. HP: 27/33 MP: 3/8
  2859 | D:3      | Learned a level 4 spell: Iskenderun's Mystic Blast
  2864 | D:3      | Learned a level 4 spell: Fulminant Prism
  2913 | D:4      | Reached skill level 5 in Conjurations
  2913 | D:4      | Gained mutation: You are partially covered in sharp spines. [demonic ancestry]
  2913 | D:4      | Reached XP level 5. HP: 21/40 MP: 3/9
  3387 | D:4      | Reached skill level 1 in Hexes
  3535 | D:4      | Found a hazy altar of Hepliaklqana.
  3621 | D:4      | Found an ancient bone altar of Kikubaaqudgha.
  3622 | D:4      | Got a smoking spear
  3628 | D:4      | Identified the +3 spear of Sloth {elec, rElec rF- rN+} (You found it on level 4 of the Dungeon)
  3651 | D:4      | Became a worshipper of Kikubaaqudgha
  3686 | D:4      | Noticed Econoterrorist's ghost (amateur MiGl)
  4057 | D:4      | Noticed a phantom
  4067 | D:4      | Killed a phantom
  4067 | D:4      | Reached XP level 6. HP: 47/48 MP: 2/10
  4237 | D:4      | Found Rashoeva's Distillery.
  4245 | D:4      | Bought a potion of curing for 39 gold pieces
  4245 | D:4      | Bought a potion of heal wounds for 65 gold pieces
  4245 | D:4      | Bought a potion of degeneration for 13 gold pieces
  4341 | D:4      | Got a pitted spear {drain}
  4344 | D:4      | Identified the cursed +0 spear of Hepliaklqana's Delight {drain, Dex+3 Stlth+} (You took it off an orc on level 4 of the Dungeon)
  4726 | D:5      | Entered Level 5 of the Dungeon
  4977 | D:5      | Noticed duskshroud's ghost (novice MiBe)
  5001 | D:4      | Gained mutation: You have a pair of small horns on your head. [demonic ancestry]
  5001 | D:4      | Reached XP level 7. HP: 55/55 MP: 11/11
  5083 | D:5      | Reached skill level 1 in Necromancy
  5222 | D:5      | Found a blossoming altar of Fedhas.
  5235 | D:5      | Got a blackened short sword
  5236 | D:5      | Identified the +2 short sword of Foul Odors {flame, Int+4} (You found it on level 5 of the Dungeon)
  5316 | D:5      | Found a snail-covered altar of Cheibriados.
  5321 | D:5      | Found an iron altar of Okawaru.
  5321 | D:5      | Found a deep blue altar of Sif Muna.
  5332 | D:5      | Found a shattered altar of Ashenzari.
  5336 | D:5      | Found an opulent altar of Gozag.
  5368 | D:5      | Noticed Eustachio
  5390 | D:5      | Killed Eustachio
  6847 | D:6      | Found a shimmering altar of Xom.
  6847 | D:6      | Found a shimmering altar of Xom.
  6847 | D:6      | Found a shimmering altar of Xom.
  6848 | D:6      | Found a shimmering altar of Xom.
  6848 | D:6      | Found a shimmering altar of Xom.
  6849 | D:6      | Found a shimmering altar of Xom.
  7092 | D:7      | Reached skill level 1 in Polearms
  7092 | D:7      | Reached XP level 8. HP: 57/62 MP: 12/12
  7412 | D:7      | Found a radiant altar of Vehumet.
  7467 | D:7      | Reached * piety under Kikubaaqudgha
  7467 | D:7      | Received a gift from Kikubaaqudgha
  7468 | D:7      | Identified Kikubaaqudgha's Handbook of Evil Rituals (Kikubaaqudgha gifted it to you on level 7 of the Dungeon)
  7473 | D:7      | Learned a level 3 spell: Vampiric Draining
  7529 | D:7      | Found a staircase to the Ecumenical Temple.
  7662 | D:7      | Reached skill level 5 in Hexes
  8212 | D:8      | Reached skill level 5 in Necromancy
  8212 | D:8      | Gained mutation: You are slightly more attuned to the shadows. [demonic ancestry]
  8212 | D:8      | Reached XP level 9. HP: 67/67 MP: 13/13
  8259 | D:8      | Found a sparkling altar of Nemelex Xobeh.
  8663 | D:8      | Found a shadowy altar of Dithmenos.
  8683 | D:8      | Found a burning altar of Makhleb.
  8684 | D:8      | Found a shimmering altar of Xom.
 11064 | D:8      | Reached ** piety under Kikubaaqudgha
 11064 | D:8      | Reached skill level 5 in Polearms
 11064 | D:8      | Reached XP level 10. HP: 52/74 MP: 14/14
 11575 | D:10     | Entered Level 10 of the Dungeon
 11627 | D:10     | Found Kayst's Magic Scroll Emporium.
 12432 | D:10     | Found a staircase to the Lair.
 12987 | D:10     | Reached *** piety under Kikubaaqudgha
 12987 | D:10     | Received a gift from Kikubaaqudgha
 12994 | D:10     | Identified Kikubaaqudgha's Reference Book on Necromancy (Kikubaaqudgha gifted it to you on level 10 of the Dungeon)
 13238 | D:10     | Gained mutation: You are significantly more attuned to the shadows. [demonic ancestry]
 13238 | D:10     | Reached XP level 11. HP: 79/79 MP: 6/15
 13271 | D:10     | Found a roughly hewn altar of Beogh.
 13272 | D:10     | Found a staircase to the Orcish Mines.
 14276 | D:11     | Reached skill level 5 in Fighting
 14503 | D:11     | Noticed Grum
 14516 | D:11     | Killed Grum
 14537 | D:11     | Learned a level 4 spell: Animate Dead
 14551 | D:11     | Learned a level 2 spell: Sublimation of Blood
 15433 | D:11     | Noticed a six-headed hydra
 15440 | D:11     | Killed a six-headed hydra
 15598 | D:11     | Reached **** piety under Kikubaaqudgha
 16126 | D:11     | Noticed a deep troll
 16335 | Lair:1   | Entered Level 1 of the Lair of Beasts
 16433 | Lair:1   | Identified a scroll of acquirement
 16737 | Lair:1   | Noticed a four-headed hydra
 16743 | Lair:1   | Killed a four-headed hydra
 16743 | Lair:1   | Reached skill level 5 in Spellcasting
 16844 | Lair:1   | Reached skill level 10 in Necromancy
 16869 | Lair:1   | Noticed Urug
 16887 | Lair:1   | Killed Urug
 17407 | Lair:1   | You fall through a shaft!
 17793 | Lair:1   | Reached XP level 12. HP: 90/90 MP: 15/20
 18178 | Lair:2   | Reached skill level 5 in Dodging
 18429 | Lair:2   | Got a twitching ivory ring
 18748 | Lair:2   | Reached ***** piety under Kikubaaqudgha
 19673 | Lair:3   | Noticed Sonja
 19700 | Lair:3   | Killed Sonja
 20582 | Lair:4   | Found a hide-covered altar of Uskayaw.
 21288 | Lair:4   | Found a staircase to the Swamp.
 21780 | Lair:4   | Learned a level 5 spell: Cigotuvi's Embrace
 21788 | Lair:4   | Noticed a four-headed hydra
 21799 | Lair:4   | Killed a four-headed hydra
 21965 | Lair:5   | Found a hole to the Spider Nest.
 22662 | Lair:6   | Noticed a four-headed hydra
 22675 | Lair:6   | Killed a four-headed hydra
 22925 | Lair:6   | Reached ****** piety under Kikubaaqudgha
 22930 | Lair:6   | Found a staircase to the Slime Pits.
 22935 | Lair:6   | Gained mutation: You have a pair of horns on your head. [demonic ancestry]
 22935 | Lair:6   | Reached XP level 13. HP: 74/100 MP: 19/24
 24155 | Lair:8   | Entered Level 8 of the Lair of Beasts
 24377 | Lair:7   | Reached skill level 1 in Armour
 24704 | Lair:8   | Identified the ring "Xiedekadd" {rC+ rN+ Int+4} (You found it on level 2 of the Lair of Beasts)
 25300 | Lair:8   | Reached skill level 1 in Shields
 26488 | Lair:8   | Gained mutation: You are completely attuned to the shadows. [demonic ancestry]
 26488 | Lair:8   | Reached XP level 14. HP: 111/111 MP: 27/27
 26976 | Lair:8   | Reached skill level 10 in Fighting
 27259 | Lair:8   | Learned a level 5 spell: Bolt of Draining
 27490 | Lair:1   | Gained mutation: You are somewhat resistant to further mutation. [potion of beneficial mutation]
 27491 | Lair:1   | Gained mutation: Your system is resistant to poisons. (rPois) [potion of beneficial mutation]
 27527 | Orc:1    | Entered Level 1 of the Orcish Mines
 27810 | D:10     | Bought a scroll of identify for 24 gold pieces
 27810 | D:10     | Bought a scroll of identify for 24 gold pieces
 27970 | Orc:1    | Noticed an orc warlord
 28258 | Orc:1    | Killed an orc warlord
 28685 | Orc:2    | Entered Level 2 of the Orcish Mines
 28736 | Orc:2    | Noticed Donald
 28741 | Orc:2    | Killed Donald
 28815 | Orc:2    | Found a labyrinth entrance.
 28873 | Lab      | Entered a labyrinth
 28966 | Lab      | Got a wavering gossamer ring
 28968 | Lab      | Identified the ring of the Skies Above {+Blink rC+ Str+3 Int-5 Stlth+} (You found it in a labyrinth)
 28981 | Lab      | Got a translucent ring mail
 28993 | Lab      | Identified the +1 ring mail "Seguch" {-Tele MP+9 Int+4 Stlth+} (You found it in a labyrinth)
 29328 | Orc:2    | Reached skill level 5 in Armour
 29799 | Orc:2    | Found Vago's Armour Shoppe.
 29799 | Orc:2    | Found Vijaidgh's Weapon Boutique.
 29800 | Orc:2    | Found Boikh's Magic Scroll Shop.
 29800 | Orc:2    | Found Qijess's Jewellery Shoppe.
 29925 | Orc:2    | Found a staircase to the Elven Halls.
 30110 | Orc:2    | Found a bloodstained altar of Trog.
 30427 | Orc:2    | Bought an uncursed ring of see invisible for 195 gold pieces
 30429 | Orc:2    | Bought the +4 moon troll leather armour {Spirit, Regen++ MP+5} for 748 gold pieces
 30442 | Orc:2    | Bought the +2 cloak of Patience {Int+4 Dex+4} for 651 gold pieces
 31240 | D:12     | You fall through a shaft for 3 floors!
 31240 | D:15     | Entered Level 15 of the Dungeon
 31325 | D:14     | Reached skill level 5 in Shields
 32140 | D:13     | Noticed Maud
 32145 | D:13     | Killed Maud
 32510 | D:13     | Gained mutation: Your flesh is cold resistant. (rC+) [demonic ancestry]
 32510 | D:13     | Reached XP level 15. HP: 89/119 MP: 5/28
 33148 | D:12     | Noticed Psyche
 33150 | D:12     | Killed Psyche
 33995 | D:14     | Found a gate to the Vaults.
 34113 | D:14     | Noticed Louise
 34117 | D:14     | Killed Louise
 34678 | D:15     | Noticed Rupert
 34818 | D:15     | Got a pair of jewelled gloves
 34824 | D:15     | Identified the +1 pair of gloves "Otruot" {rPois rC+ MP+9} (You found it on level 15 of the Dungeon)
 35239 | D:15     | Found a staircase to the Depths.
 35327 | D:15     | Found a portal to a secret trove of treasure.
 35415 | D:15     | Killed Rupert
 36339 | D:13     | Learned a level 5 spell: Dispel Undead
 36536 | Swamp:1  | Entered Level 1 of the Swamp
 36766 | Lair:4   | Reached skill level 10 in Spellcasting
 37206 | Orc:2    | Bought a +4 amulet of reflection for 325 gold pieces
 38250 | Swamp:2  | Noticed a thorn hunter
 38259 | Swamp:2  | Killed a thorn hunter
 38637 | Swamp:2  | Reached skill level 10 in Conjurations
 38714 | Swamp:2  | Reached XP level 16. HP: 128/128 MP: 30/30
 40176 | Swamp:4  | Entered Level 4 of the Swamp
 40204 | Swamp:4  | Noticed splatman's ghost (adept FoFi)
 40215 | Swamp:4  | Killed splatman's ghost
 40831 | Swamp:4  | Reached skill level 15 in Necromancy
 41100 | Swamp:4  | Got a decaying rune of Zot
 41870 | Swamp:3  | Noticed a thorn hunter
 41879 | Swamp:3  | Killed a thorn hunter
 42011 | Spider:1 | Entered Level 1 of the Spider Nest
 42210 | Spider:1 | Got a shimmering robe
 42229 | Spider:1 | Identified the +1 robe "Vuegaf" {rPois rN+} (You found it on level 1 of the Spider Nest)
 42402 | Lair:1   | Learned a level 5 spell: Fireball
 42579 | Spider:1 | Reached skill level 1 in Fire Magic
 42898 | Spider:1 | Noticed Frances
 42903 | Spider:1 | Killed Frances
 43871 | Spider:2 | Reached XP level 17. HP: 108/136 MP: 25/31
 44031 | Spider:2 | Reached skill level 5 in Fire Magic
 45801 | Spider:4 | Entered Level 4 of the Spider Nest
 45958 | Spider:4 | Reached skill level 10 in Dodging
 46493 | Spider:4 | Got a gossamer rune of Zot
 47253 | Vaults:1 | Entered Level 1 of the Vaults
 47876 | Vaults:1 | Noticed Aizul
 47889 | Vaults:1 | Killed Aizul
 48083 | Vaults:1 | Found a roughly hewn altar of Beogh.
 48085 | Vaults:1 | Noticed Wiglaf
 48232 | Vaults:1 | Killed Wiglaf
 48232 | Vaults:1 | Gained mutation: You are immune to freezing clouds. [demonic ancestry]
 48232 | Vaults:1 | Reached XP level 18. HP: 144/144 MP: 21/32
 49202 | Vaults:1 | Paralysed by a great orb of eyes for 3 turns
 49214 | Vaults:1 | Paralysed by a great orb of eyes for 5 turns
 49622 | Vaults:2 | Found Vaiwkowa's Antique Weapon Shoppe.
 50898 | Vaults:2 | Noticed Norris
 50907 | Vaults:2 | Paralysed by Norris for 5 turns
 50913 | Vaults:2 | Killed Norris
 51295 | Lair:1   | Got a fine demon blade
 51296 | Lair:1   | Identified the +0 demon blade of the Vulture {distort, Int+4} (You acquired it on level 1 of the Lair of Beasts)
 51427 | Vaults:1 | Received a gift from Kikubaaqudgha
 52056 | Vaults:3 | Noticed a lich
 52060 | Vaults:3 | Killed a lich
 52346 | Vaults:3 | Found a staircase to the Crypt.
 52425 | Crypt:1  | Entered Level 1 of the Crypt
 52441 | Crypt:1  | Learned a level 7 spell: Haunt
 52465 | Crypt:1  | Reached skill level 1 in Summonings
 52536 | Crypt:1  | Gained mutation: You have a pair of large horns on your head. [demonic ancestry]
 52536 | Crypt:1  | Reached XP level 19. HP: 134/153 MP: 13/34
 52606 | Crypt:1  | Noticed Saint Roka
 52618 | Crypt:1  | Killed Saint Roka
 52767 | Crypt:1  | Reached skill level 5 in Summonings
 54572 | Crypt:2  | Reached skill level 10 in Summonings
 55371 | Crypt:3  | Entered Level 3 of the Crypt
 55905 | Crypt:3  | Gained mutation: You are mostly covered in rugged brown scales. (AC +2, +5% HP) [demonic ancestry]
 55905 | Crypt:3  | Reached XP level 20. HP: 117/163 MP: 19/35
 56680 | Crypt:3  | Found a staircase to the Tomb.
 57200 | Crypt:3  | Got a pair of ichor-stained boots
 57206 | Crypt:3  | Identified the +1 pair of boots of Cyedible {*Contam MR- Regen+ Slay+5} (You found it on level 3 of the Crypt)
 57267 | Crypt:3  | Learned a level 3 spell: Regeneration
 58402 | Vaults:3 | Reached skill level 1 in Charms
 60024 | Vaults:4 | Found a flickering gateway to a bazaar.
 60043 | Bazaar   | Entered a bazaar
 60048 | Bazaar   | Found Animinti's Jewellery Boutique.
 60066 | Bazaar   | Found Qabriducw's Weapon Shoppe.
 60084 | Bazaar   | Found Kusumal's Book Boutique.
 60102 | Bazaar   | Found Ugimna's Antique Armour Emporium.
 60140 | Bazaar   | Bought a pitted leather armour for 147 gold pieces
 60150 | Bazaar   | Identified the cursed +0 leather armour "Lukh" {rC+ Slay+3} (You bought it in a shop in a bazaar)
 60177 | Bazaar   | Bought a book of Ice for 845 gold pieces
 62258 | Elf:1    | Entered Level 1 of the Elven Halls
 62379 | Elf:1    | Reached skill level 15 in Summonings
 62857 | Elf:1    | Reached XP level 21. HP: 160/170 MP: 37/37
 63298 | Elf:2    | Found a huge runed gate.
 63298 | Elf:2    | Found a huge runed gate.
 63298 | Elf:2    | Found a huge runed gate.
 64472 | Elf:2    | Learned a level 6 spell: Freezing Cloud
 64608 | Elf:2    | Noticed Nikola
 64975 | Elf:2    | Reached skill level 1 in Ice Magic
 65010 | Elf:3    | Entered Level 3 of the Elven Halls
 65018 | Elf:3    | Reached skill level 1 in Air Magic
 65464 | Elf:3    | Noticed Asterion
 65471 | Elf:3    | Killed Asterion
 66111 | Elf:3    | Got a shadowed robe
 66112 | Elf:3    | Identified the cursed +0 robe of the Albatross {Str+5 Stlth+} (You took it off a deep elf high priest on level 3 of the Elven Halls)
 66454 | Elf:3    | Got a dazzling quarterstaff {speed}
 66455 | Elf:3    | Identified the +10 quarterstaff "Killer Klown's Curse" {speed, rN+ Dex+4 Stlth+} (You took it off a deep elf death mage on level 3 of the Elven Halls)
 66548 | Elf:3    | Identified the Grimoire of the Rocks
 67217 | Orc:2    | Bought the ring of Existentialism {rCorr rElec MR+ Int+2} for 569 gold pieces
 67227 | Orc:2    | Bought a scroll of identify for 30 gold pieces
 67227 | Orc:2    | Bought a scroll of identify for 30 gold pieces
 67227 | Orc:2    | Bought a scroll of identify for 30 gold pieces
 67227 | Orc:2    | Bought a scroll of enchant weapon for 112 gold pieces
 67309 | Lair:1   | Learned a level 6 spell: Simulacrum
 67480 | Slime:1  | Entered Level 1 of the Pits of Slime
 67652 | Slime:3  | Reached skill level 5 in Ice Magic
 67739 | Slime:2  | Reached skill level 5 in Air Magic
 67937 | Slime:4  | Gained mutation: You are weak. (Str -2) [a shining eye]
 68059 | Slime:6  | Entered Level 6 of the Pits of Slime
 68098 | Slime:6  | Gained mutation: You occasionally shout uncontrollably at your foes. [a shining eye]
 68113 | Slime:6  | Gained mutation: A frigid envelope surrounds you and freezes all who hurt you. [demonic ancestry]
 68113 | Slime:6  | Reached XP level 22. HP: 160/177 MP: 14/40
 68135 | Slime:6  | Found a viscous altar of Jiyva.
 68135 | Slime:6  | Noticed the Royal Jelly
 69120 | Slime:6  | HP: 5/177 [acid[the Royal Jelly] (6)]
 69942 | Slime:6  | Killed the Royal Jelly
 70682 | Slime:6  | Got a scorched lapis lazuli ring
 70795 | Slime:6  | Identified the ring of Neurosis {Fire Stlth+} (You found it on level 6 of the Pits of Slime)
 70815 | Slime:6  | Got a pitted ivory ring
 70817 | Slime:6  | Identified the ring "Lask" {rElec rF+} (You found it on level 6 of the Pits of Slime)
 70825 | Slime:6  | Got a slimy rune of Zot
 70893 | Slime:6  | Got a pitted trident
 70895 | Slime:6  | Identified the cursed +1 trident of the Tooth {pierce, Int+5} (You found it on level 6 of the Pits of Slime)
 70982 | Slime:1  | Noticed YuzukiSeo's ghost (veteran GrGl)
 70985 | Slime:1  | Killed YuzukiSeo's ghost
 71597 | Depths:1 | Entered Level 1 of the Depths
 72330 | Depths:1 | Reached skill level 15 in Spellcasting
 72352 | Depths:1 | Found a gateway to Hell.
 72507 | Depths:1 | Got a translucent wooden ring
 72511 | Depths:1 | Identified the ring of Eruek {Str+2 Dex+3} (You found it on level 1 of the Depths)
 74903 | Depths:3 | Noticed a juggernaut
 74912 | Depths:3 | Noticed a juggernaut
 74918 | Depths:3 | Killed a juggernaut
 74918 | Depths:3 | Gained mutation: You are completely covered in rugged brown scales. (AC +3, +7% HP) [demonic ancestry]
 74918 | Depths:3 | Reached XP level 23. HP: 155/187 MP: 28/42
 75136 | Depths:3 | Found a magical portal.
 75148 | WizLab   | Entered Doroklohe's Tomb
 75417 | WizLab   | Noticed an ancient lich
 75447 | WizLab   | Killed an ancient lich
 75715 | Depths:3 | Killed a juggernaut
 75715 | Depths:3 | Reached skill level 10 in Polearms
 75935 | Depths:3 | Noticed a caustic shrike
 75941 | Depths:3 | Killed a caustic shrike
 76182 | Depths:3 | Found a one-way gate leading to the halls of Pandemonium.
 77480 | Depths:4 | Got a flickering copper ring
 77482 | Depths:4 | Identified the ring of the Cast Vote {+Fly Int+5 Dex+3} (You found it on level 4 of the Depths)
 77631 | Depths:4 | Found a one-way gate to the infinite horrors of the Abyss.
 77676 | Depths:4 | Lost mutation: You are weak. (Str -2) [potion of cure mutation]
 77676 | Depths:4 | Lost mutation: You are somewhat resistant to further mutation. [potion of cure mutation]
 77676 | Depths:4 | Lost mutation: Your system is resistant to poisons. (rPois) [potion of cure mutation]
 77677 | Depths:4 | Gained mutation: Your natural rate of healing is unusually fast. [potion of beneficial mutation]
 77727 | Depths:4 | Noticed an ancient lich
 77737 | Depths:4 | Killed an ancient lich
 78612 | Depths:4 | Got a fine ring mail
 78613 | Depths:4 | Identified the +2 ring mail of the Amoeba {rPois rF- rC+ Str+4} (You found it on level 4 of the Depths)
 78839 | Depths:5 | Entered Level 5 of the Depths
 78875 | Depths:5 | Found a gateway to a ziggurat.
 78998 | Depths:5 | Reached XP level 24. HP: 185/192 MP: 35/42
 79100 | Depths:5 | Found a gate to the Realm of Zot.
 79147 | Depths:5 | Got an ancient ring mail
 79148 | Depths:5 | Identified the +1 ring mail "Loebukou" {Int+6 Stlth+} (You found it on level 5 of the Depths)
 79260 | Depths:5 | Learned a level 8 spell: Necromutation
 79260 | Depths:5 | Reached XP level 25. HP: 199/199 MP: 42/42
 79261 | Depths:5 | Gained mutation: You are mostly covered in sharp spines. [demonic ancestry]
 79261 | Depths:5 | Reached XP level 26. HP: 206/206 MP: 42/42
 79274 | Depths:5 | Found a stormy altar of Qazlal.
 79501 | Zot:1    | Entered Level 1 of the Realm of Zot
 80340 | Lair:1   | Upgraded the game from 0.19-a0-414-g76fec5b to 0.19-a0-453-g7eaa1ff
 80575 | Vaults:5 | Entered Level 5 of the Vaults
 80748 | Vaults:5 | Got a steaming bone ring
 80751 | Vaults:5 | Identified the ring "Ciell" {rCorr Dex+2} (You found it on level 5 of the Vaults)
 80769 | Vaults:5 | Got a pitted granite ring
 80772 | Vaults:5 | Identified the ring "Sokkypp" {rElec rF+ Int+3 Stlth-} (You found it on level 5 of the Vaults)
 80895 | Vaults:5 | Reached skill level 10 in Transmutations
 81454 | Vaults:5 | Got a fine buckler
 81469 | Vaults:5 | Identified the +4 buckler "Acuageuk" {Int+3 Dex+2} (You found it on level 5 of the Vaults)
 81475 | Vaults:5 | Identified Sif Muna's Handbook of Bewitching Lightness (You found it on level 5 of the Vaults)
 81486 | Vaults:5 | Identified a +2 pair of boots of running (You found it on level 5 of the Vaults)
 81541 | Vaults:5 | Reached skill level 10 in Ice Magic
 81607 | Vaults:5 | Noticed Jorgrun
 81612 | Vaults:5 | Killed Jorgrun
 82240 | Vaults:5 | Identified The Last Volume of the Archmage (You found it on level 5 of the Vaults)
 83089 | Vaults:5 | Got a silver rune of Zot
 84481 | Depths:4 | Paralysed by a giant eyeball for 2 turns
 84495 | Depths:4 | Voluntarily entered the Abyss.
 85052 | Abyss:1  | Gained mutation: You are completely covered in sharp spines. [demonic ancestry]
 85052 | Abyss:1  | Reached XP level 27. HP: 213/213 MP: 34/39
 85239 | Abyss:1  | Found a corrupted altar of Lugonu.
 85466 | Abyss:1  | Gained mutation: You tend to lose your temper in combat. [a neqoxec]
 85828 | Abyss:1  | Gained mutation: Your muscles are strong. (Str +2) [a neqoxec]
 86491 | Abyss:1  | Noticed an ancient lich
 86493 | Abyss:1  | Killed an ancient lich
 86920 | Abyss:1  | Learned a level 9 spell: Glaciate
 87933 | Abyss:2  | Found a corrupted altar of Lugonu.
 88486 | Abyss:2  | Found a corrupted altar of Lugonu.
 88630 | Abyss:2  | Found a corrupted altar of Lugonu.
 89814 | Abyss:2  | Reached skill level 15 in Conjurations
 90455 | Abyss:2  | Paralysed by accursed screaming for 1 turns
 91225 | Abyss:2  | Found a corrupted altar of Lugonu.
 91329 | Abyss:3  | Found a corrupted altar of Lugonu.
 91347 | Abyss:3  | Lost mutation: Your muscles are strong. (Str +2) [potion of cure mutation]
 91347 | Abyss:3  | Lost mutation: Your natural rate of healing is unusually fast. [potion of cure mutation]
 91596 | Abyss:3  | Gained mutation: Your magical capacity is low. (-10% MP) [a cacodemon]
 91597 | Abyss:3  | Gained mutation: You expend magic power (3 MP) to strengthen your wands. [a cacodemon]
 92085 | Abyss:3  | Paralysed by you for 7 turns
 92959 | Abyss:3  | Reached skill level 15 in Ice Magic
 93707 | Abyss:3  | Paralysed by accursed screaming for 1 turns
 93714 | Abyss:3  | Paralysed by accursed screaming for 1 turns
 94246 | Abyss:3  | Paralysed by you for 2 turns
 94712 | Abyss:3  | Gained mutation: You are occasionally teleported next to monsters. [a neqoxec]
 95399 | Abyss:3  | Gained mutation: Armour fits poorly on your strangely shaped body. [a neqoxec]
 95466 | Abyss:3  | Got an abyssal rune of Zot
 95591 | Abyss:3  | Gained mutation: You are dopey. (Int -2) [a neqoxec]
 95802 | Depths:4 | Escaped the Abyss
 96114 | Lair:1   | Lost mutation: Armour fits poorly on your strangely shaped body. [potion of cure mutation]
 96114 | Lair:1   | Lost mutation: You are dopey. (Int -2) [potion of cure mutation]
 96114 | Lair:1   | Lost mutation: Your magical capacity is low. (-10% MP) [potion of cure mutation]
 96114 | Lair:1   | Lost mutation: You expend magic power (3 MP) to strengthen your wands. [potion of cure mutation]
 96114 | Lair:1   | Lost mutation: You tend to lose your temper in combat. [potion of cure mutation]
 96115 | Lair:1   | Lost mutation: You occasionally shout uncontrollably at your foes. [potion of cure mutation]
 96115 | Lair:1   | Lost mutation: You are occasionally teleported next to monsters. [potion of cure mutation]
 96737 | Zot:1    | Noticed an orb of fire
 96780 | Zot:1    | Killed an orb of fire
 97155 | Zot:1    | Gained mutation: You are weak. (Str -2) [a Zot trap]
 99229 | Zot:2    | Noticed an orb of fire
101461 | Zot:5    | Entered Level 5 of the Realm of Zot
101943 | Zot:5    | Noticed an ancient lich
101946 | Zot:5    | Killed an ancient lich
101976 | Zot:5    | Noticed an ancient lich
101980 | Zot:5    | Killed an ancient lich
101985 | Zot:5    | Noticed an orb of fire
101986 | Zot:5    | Gained mutation: You occasionally shout uncontrollably at your foes. [an orb of fire]
102011 | Zot:5    | Noticed an orb of fire
102019 | Zot:5    | Noticed an orb of fire
102020 | Zot:5    | Gained mutation: You expend magic power (3 MP) to strengthen your wands. [an orb of fire]
103288 | Tomb:1   | Entered Level 1 of the Tomb of the Ancients
103414 | Tomb:1   | Noticed Khufu
103420 | Tomb:1   | Noticed a greater mummy
103422 | Tomb:1   | Noticed a greater mummy
103445 | Tomb:1   | Killed a greater mummy
103459 | Tomb:1   | Killed a greater mummy
103578 | Tomb:1   | Killed Khufu
103783 | Tomb:1   | Noticed a greater mummy
103790 | Tomb:1   | Noticed Jory
104042 | Tomb:1   | Killed Jory
104084 | Tomb:1   | Killed a greater mummy
104093 | Tomb:1   | Noticed Mara
104301 | Tomb:1   | Killed Mara
104460 | Tomb:1   | Noticed a greater mummy
104572 | Tomb:1   | Killed a greater mummy
105371 | Tomb:2   | Noticed a greater mummy
105456 | Tomb:2   | Noticed a greater mummy
105464 | Tomb:1   | Killed a greater mummy
105577 | Tomb:2   | Noticed a greater mummy
105583 | Tomb:1   | Killed a greater mummy
105605 | Tomb:2   | Noticed an ancient lich
105657 | Tomb:1   | Killed an ancient lich
105842 | Tomb:2   | Killed a greater mummy
106571 | Tomb:1   | Noticed a greater mummy
106674 | Tomb:1   | Killed a greater mummy
106807 | Tomb:1   | Noticed a greater mummy
106812 | Tomb:1   | Killed a greater mummy
106841 | Tomb:1   | Noticed a greater mummy
106846 | Tomb:1   | Killed a greater mummy
106966 | Tomb:1   | Noticed a greater mummy
106971 | Tomb:1   | Killed a greater mummy
107142 | Tomb:1   | Noticed a greater mummy
107277 | Tomb:1   | Killed a greater mummy
107297 | Tomb:1   | Noticed a greater mummy
107301 | Tomb:1   | Killed a greater mummy
107316 | Tomb:1   | Noticed a greater mummy
107324 | Tomb:1   | Killed a greater mummy
107363 | Tomb:1   | Noticed a greater mummy
107367 | Tomb:1   | Killed a greater mummy
107386 | Tomb:1   | Noticed a greater mummy
107387 | Tomb:1   | Noticed a greater mummy
107392 | Tomb:1   | Killed a greater mummy
107397 | Tomb:1   | Killed a greater mummy
107460 | Tomb:1   | Noticed a greater mummy
107463 | Tomb:1   | Killed a greater mummy
107471 | Tomb:1   | Noticed a greater mummy
107475 | Tomb:1   | Killed a greater mummy
107569 | Tomb:1   | Noticed a greater mummy
107570 | Tomb:1   | Noticed a greater mummy
107573 | Tomb:1   | Killed a greater mummy
107581 | Tomb:1   | Killed a greater mummy
107751 | Tomb:1   | Noticed a greater mummy
107756 | Tomb:1   | Killed a greater mummy
108067 | Tomb:3   | Entered Level 3 of the Tomb of the Ancients
108435 | Tomb:3   | Noticed an ancient lich
108436 | Tomb:3   | Noticed a greater mummy
108506 | Tomb:3   | Noticed a greater mummy
108606 | Tomb:2   | Killed a greater mummy
108875 | Tomb:2   | Killed an ancient lich
109327 | Tomb:3   | Noticed a greater mummy
109339 | Tomb:3   | Noticed a greater mummy
109406 | Tomb:3   | Killed a greater mummy
109519 | Tomb:3   | Killed a greater mummy
109529 | Tomb:3   | Killed a greater mummy
109677 | Tomb:3   | Noticed a greater mummy
109683 | Tomb:3   | Killed a greater mummy
109695 | Tomb:3   | Noticed a greater mummy
109854 | Tomb:3   | Killed a greater mummy
110032 | Tomb:3   | Got a flickering ruby amulet
110057 | Tomb:3   | Identified the amulet of Midnight {RegenMP rElec rC+} (You found it on level 3 of the Tomb of the Ancients)
110089 | Tomb:3   | Noticed an ancient lich
110089 | Tomb:3   | Paralysed by an ancient lich for 3 turns
110093 | Tomb:3   | Killed an ancient lich
110101 | Tomb:3   | Noticed an ancient lich
110104 | Tomb:3   | Killed an ancient lich
110278 | Tomb:3   | Identified Sif Muna's Papyrus of Doomed Arcane Weapons
110298 | Tomb:3   | Got a twisted quarterstaff
110299 | Tomb:3   | Identified the +3 quarterstaff "Erchafarr" {venom, Int+4} (You found it on level 3 of the Tomb of the Ancients)
110301 | Tomb:3   | Identified a +4 rod of clouds (14/14) (You found it on level 3 of the Tomb of the Ancients)
110308 | Tomb:3   | Got a translucent cloak
110309 | Tomb:3   | Identified the +0 cloak of Intuition {rC+ Int+4 Stlth-} (You found it on level 3 of the Tomb of the Ancients)
110402 | Tomb:3   | Got a golden rune of Zot
111063 | Lair:1   | Upgraded the game from 0.19-a0-453-g7eaa1ff to 0.19-a0-459-gb8ed64d
111095 | Lair:1   | Learned a level 2 spell: Repel Missiles
111110 | Lair:1   | Learned a level 1 spell: Apportation
111154 | Lair:1   | Learned a level 8 spell: Borgnjor's Revivification
111437 | Pan      | Entered Pandemonium
111550 | Pan      | Noticed Weacet the pandemonium lord
111553 | Pan      | Killed Weacet the pandemonium lord
111730 | Pan      | Found an exit through the horrors of the Abyss.
112959 | Pan      | Found an exit through the horrors of the Abyss.
113338 | Pan      | Noticed Zucier the pandemonium lord
113357 | Pan      | Killed Zucier the pandemonium lord
113878 | Pan      | Noticed Tutaol the pandemonium lord
113951 | Pan      | Killed Tutaol the pandemonium lord
113951 | Pan      | Reached skill level 15 in Fighting
113951 | Pan      | Reached skill level 5 in Charms
114613 | Pan      | Found an exit through the horrors of the Abyss.
114933 | Pan      | Found an exit through the horrors of the Abyss.
114973 | Pan      | Got a twisted scythe
114974 | Pan      | Identified the +8 scythe "Donlimiups" {holy, rF++ Int+2 Dex+2} (You found it in Pandemonium)
115124 | Pan      | Noticed Fighaf the pandemonium lord
115128 | Pan      | Killed Fighaf the pandemonium lord
116775 | Pan      | Noticed Suurihoh the pandemonium lord
116783 | Pan      | Killed Suurihoh the pandemonium lord
117691 | Pan      | Found an exit through the horrors of the Abyss.
117977 | Pan      | Got a demonic rune of Zot
118520 | Pan      | Noticed Wolurur the pandemonium lord
118525 | Pan      | Killed Wolurur the pandemonium lord
118633 | Pan      | Found an exit through the horrors of the Abyss.
118842 | Pan      | Learned a level 6 spell: Haste
119503 | Pan      | Found an exit through the horrors of the Abyss.
119690 | Pan      | Noticed Len Viog the pandemonium lord
119694 | Pan      | Killed Len Viog the pandemonium lord
120096 | Pan      | Reached skill level 10 in Charms
120595 | Pan      | Noticed Sysy the pandemonium lord
122201 | Pan      | Noticed Sevucw the pandemonium lord
122220 | Pan      | Killed Sevucw the pandemonium lord
122475 | Pan      | Got a translucent leather armour
122476 | Pan      | Identified the cursed +1 leather armour of Ucwexes {rF+ Str+2 Int-5} (You found it in Pandemonium)
122503 | Pan      | Found an exit through the horrors of the Abyss.
124707 | Pan      | Noticed Tewu the pandemonium lord
124712 | Pan      | Killed Tewu the pandemonium lord
125440 | Pan      | Learned a level 8 spell: Death's Door
125505 | Pan      | Found an exit through the horrors of the Abyss.
126042 | Pan      | Entered the realm of Cerebov.
126066 | Pan      | Noticed Cerebov
126436 | Pan      | Killed Cerebov
126458 | Pan      | Got a fiery rune of Zot
126480 | Pan      | Got a pair of smoking gloves
126481 | Pan      | Identified the cursed +0 pair of gloves of Pessimism {+Blink Dex+4} (You found it in Pandemonium)
126484 | Pan      | Got a transparent jade ring
126485 | Pan      | Identified the ring "Uloheuso" {Wiz rC- rN+ Dex+5} (You found it in Pandemonium)
126517 | Pan      | Got a smoking jade amulet
126518 | Pan      | Identified the amulet "Dytwirigea" {+Rage rElec MR- Int+6 SInv} (You took it off an efreet in Pandemonium)
126565 | Pan      | Identified the Disquisition on Ignition and Protection (You found it in Pandemonium)
126654 | Pan      | Found an exit through the horrors of the Abyss.
126694 | Pan      | Entered the realm of Gloorx Vloq.
126980 | Pan      | Noticed Gloorx Vloq
127030 | Pan      | Killed Gloorx Vloq
127125 | Pan      | Got a dark rune of Zot
128175 | Pan      | Found an exit through the horrors of the Abyss.
128231 | Pan      | Entered the realm of Mnoleg.
128332 | Pan      | Noticed Mnoleg
128352 | Pan      | Killed Mnoleg
128473 | Pan      | Got a glowing rune of Zot
128738 | Pan      | Noticed Mennas
128781 | Pan      | Killed Mennas
128793 | Pan      | Found an exit through the horrors of the Abyss.
128979 | Pan      | Noticed Posonirairr the pandemonium lord
128994 | Pan      | Killed Posonirairr the pandemonium lord
129059 | Pan      | Entered the realm of Lom Lobon.
129568 | Pan      | Noticed Lom Lobon
129873 | Pan      | Got a magical rune of Zot
129962 | Pan      | Found an exit through the horrors of the Abyss.
129977 | Pan      | Took an exit into the Abyss.
129977 | Abyss:1  | Escaped into the Abyss
130106 | Abyss:1  | Noticed an ancient lich
130112 | Abyss:1  | Killed an ancient lich
130137 | Depths:3 | Escaped the Abyss
130440 | D:10     | Bought a scroll of recharging for 114 gold pieces
130478 | Lair:1   | Learned a level 5 spell: Lee's Rapid Deconstruction
130678 | Hell     | Entered the Vestibule of Hell
130684 | Hell     | Noticed Geryon
130689 | Hell     | Reached skill level 1 in Earth Magic
130695 | Hell     | Killed Geryon
131047 | Hell     | Noticed an ancient lich
131053 | Hell     | Killed an ancient lich
131087 | Hell     | Found a gateway to the Iron City of Dis.
131305 | Hell     | Found a gateway to the freezing wastes of Cocytus.
131350 | Hell     | Reached skill level 5 in Earth Magic
131524 | Hell     | Found a gateway to the decaying netherworld of Tartarus.
132114 | Hell     | Found a gateway to the ashen valley of Gehenna.
132121 | Geh:1    | Entered Level 1 of Gehenna
133273 | Geh:7    | Entered Level 7 of Gehenna
133627 | Geh:7    | Reached skill level 15 in Dodging
134057 | Geh:7    | Noticed Asmodeus
134072 | Geh:7    | Got an obsidian rune of Zot
134279 | Dis:1    | Entered Level 1 of the Iron City of Dis
135067 | Dis:4    | Reached skill level 10 in Shields
135308 | Dis:7    | Entered Level 7 of the Iron City of Dis
136543 | Dis:7    | Got an encrusted glaive
136544 | Dis:7    | Identified the +6 glaive of Tortfeasance {holy, *Corrode +Inv rElec rN++} (You found it on level 7 of the Iron City of Dis)
136697 | Dis:7    | Reached skill level 15 in Shields
137466 | Dis:7    | Noticed Dispater
137824 | Dis:7    | Killed Dispater
137841 | Dis:7    | Got an iron rune of Zot
138079 | Tar:1    | Entered Level 1 of Tartarus
140068 | Tar:7    | Entered Level 7 of Tartarus
140670 | Tar:7    | Identified Afusezxu's Compendium of Mutagenic Execration
140717 | Tar:7    | Noticed an ancient lich
140739 | Tar:7    | Killed an ancient lich
140783 | Tar:7    | Gained mutation: Your body sometimes deteriorates upon taking damage. [mutagenic glow]
141062 | Tar:7    | Noticed the Serpent of Hell
141095 | Tar:7    | Killed the Serpent of Hell
141327 | Tar:7    | Got a ring of the Octopus King
141343 | Tar:7    | Noticed Ereshkigal
141487 | Tar:7    | Killed Ereshkigal
141969 | Tar:7    | Got a bone rune of Zot
142237 | Coc:1    | Entered Level 1 of Cocytus
142783 | Coc:7    | Entered Level 7 of Cocytus
143237 | Coc:7    | HP: 10/206 [shard shrike[the effects of Hell] (17)]
143238 | Coc:7    | HP: 2/206 [shard shrike[the effects of Hell] (19)]
143238 | Coc:7    | Slain by a blizzard demon

Vault maps used:
D:1:      scummos_arrival_forest, nrook_uturn, tso_metal_star
D:2:      nicolae_qazlal_eye_of_the_storm
D:3:      mrwooster_statue_mirror, minmay_goblin_outpost
D:4:      marbit_many_paths, kiku_gazebo_pond_becter, serial_shops,
          nicolae_shop_temple_entry_statues_fountains, first_bread,
          amethyst_killhole
D:5:      lemuel_round_altar, minmay_overflow_temple_star_hex, uniq_eustachio
D:6:      minmay_misc_feat_diagonals, xom_redecorated
D:7:      lemuel_upstairs_altar, vehumet_statue,
          minmay_temple_entry_enclosed_plants
D:8:      grunt_temple_overflow_champion_of_chaos, grunt_dithmenos_shadows,
          lemuel_crystal_altar
D:9:      serial_undead, serial_undead_f, serial_undead_a, serial_undead_d,
          serial_undead_f, serial_undead_b, serial_undead_c
D:10:     erik_lair_island, david_orc_5, serial_shops, shop,
          hangedman_pestilent_swarm
D:11:     lemuel_troll_bridge, uniq_grum
D:12:     uniq_psyche
D:13:     uniq_maud
D:14:     david_vaults_2, small_statue_intersection, johnstein_pakellas_shop,
          uniq_louise
D:15:     grunt_enter_depths_hoard, enter_trove_3, uniq_rupert
Lair:1:   st_stairs_12, uniq_urug
Lair:3:   minivault_11, hangedman_lair_unloving_vines, bh_autumn_forest_stairs,
          uniq_sonja
Lair:4:   nicolae_swamp_entry_splash_gauntlet, basic_altar
Lair:5:   nicolae_spider_entry_non_spiders, lemuel_fruit_tree
Lair:6:   minmay_slime_entry_pillars
Lair:8:   evilmike_catoblepas_cave, serial_bayou_lake_a, grunt_megastairs_3
Swamp:1:  evilmike_swamp_ruin_rubble_1, swamp_pool1, statue_in_the_mist_lemuel,
          infiniplex_staircase_pool_2
Swamp:2:  nicolae_swamp_round_clearing
Swamp:3:  hangedman_swamp_ruin_wall
Swamp:4:  swamp_icy, swamp_pool1
Spider:1: hangedman_spider_trapstep, uniq_frances
Spider:3: spider_trap, minmay_another_anthill
Spider:4: guppyfry_spider_rune, spider_trap
Slime:2:  nicolae_slime_barrier
Orc:2:    st_orc_ogre_mass, lab_entry_generic, david_defended_altar_orc,
          uniq_donald
Elf:1:    dpeg_oklob_gauntlet, spider_trap, st_stairs_9
Elf:2:    uniq_nikola
Elf:3:    grunt_elf_hall_asides, uniq_asterion
Vaults:1: grunt_vaults_funnel, dpeg_vaults_monster_box, v_alt_pattern_2,
          special_room_vaults, nicolae_vaults_twisting_passages,
          nicolae_vaults_border_crossing, vaults_room_semicircle,
          vaults_mumra_minichess_inversion, vaults_dpeg_diagonal, uniq_wiglaf,
          uniq_aizul
Vaults:2: nicolae_vaults_little_squares_4, v_misc_2, vaults_mumra_hexcomb,
          ontoclasm_vaults_chip, hangedman_vaults_stretched_pinwheel,
          hangedman_vaults_variations, nicolae_vaults_theta,
          nicolae_vaults_hallways_thing, v_pattern_2, hangedman_vaults_pinch,
          nicolae_vaults_angled_halls, ontoclasm_vaults_gateway, serial_shops,
          shop, uniq_norris
Vaults:3: minmay_crypt_entry_simple_round, v_alt_pattern_1,
          hangedman_vaults_slither, ontoclasm_vaults_tryst, v_misc_27,
          nicolae_vaults_shelves_hall, nicolae_vaults_gold_heap,
          hangedman_vaults_cutoff
Vaults:4: hangedman_vaults_corner_blocks, v_misc_14, vaults_room_grid,
          vaults_dpeg_encased_lava, v_misc_22, v_misc_15,
          hangedman_vaults_stagger, grunt_vaults_hallway_short, v_misc_27,
          vaults_standard_mumra_x, serial_ice_g, serial_shops,
          bzr_entry_lakeside
Vaults:5: uniq_jorgrun
Crypt:1:  serial_sigils, serial_sigils_hangedman_writhe,
          serial_sigils_hangedman_leer, serial_sigils_hangedman_stare,
          serial_sigils_hangedman_scar, serial_sigils_hangedman_carve,
          st_stairs_14, minigarden_bobbens, uniq_saint_roka
Crypt:2:  grunt_megastairs_2, lemuel_elevator
Crypt:3:  due_elkab, serial_glass, glass_columns_a, glass_columns_a,
          corexii_leaking_fountain
Tomb:1:   uniq_mara, uniq_khufu, uniq_jory
Depths:1: grunt_metal_band, hangedman_decor_diamond_cutter, spider_trap,
          item_on_display_a, firewood_loft
Depths:2: hangedman_elemental_death_ray, pf_hell_entry_tar_river,
          minmay_staircase_statues
Depths:3: hangedman_arch_fort, infiniplex_enter_wizlab_water,
          minmay_misc_feat_ornament, pan_entry, hangedman_coc_ice_floe,
          lemuel_flamethrower_3
Depths:4: lemuel_river_lethe, abyss_entry, hell_entry
Depths:5: evilmike_zot_entry_argh, enter_ziggurat_b, grunt_hell_entry_dis_grunt,
          lemuel_round_altar
Dis:2:    hangedman_dis_chains
Dis:6:    special_room
Dis:7:    dis_hangedman
Geh:5:    grunt_megastairs_1
Geh:7:    geh_hangedman
Coc:5:    serial_ice, serial_ice_c
Coc:7:    coc_grunt
Tar:2:    nicolae_tar_cuneiform_water,
          hangedman_mysterious_dungeon_monster_house
Tar:3:    grunt_deathspiral_small
Tar:4:    hangedman_restless_catacombs
Tar:6:    lemuel_nasty_pond
Tar:7:    tar_grunt_cathedral
Zot:2:    kennysheep_ambush_hall, st_small_dragon_hoard_2
Zot:3:    grunt_megastairs_4
Zot:4:    guppyfry_library_mini
Abyss:2:  evilmike_abyss_exit_13
Abyss:3:  grunt_abyss_exit_deep_breaths
Pan:      nicolae_pan_glass_arcs, rand_demon_8, nicolae_pan_sigil_eeng,
          rand_demon_2, pan_blood_fountain, nicolae_pan_mnolegish_3,
          evilmike_mini_pan_doors, evilmike_mini_pan_pillars_b,
          evilmike_mini_pan_T, pan_blood_fountain_small,
          nicolae_pan_mnolegish_2, evilmike_mini_pan_other_thingy, rand_demon_2,
          pan_blood_fountain, nicolae_pan_mnolegish_1, evilmike_mini_pan_V,
          nicolae_pan_sigil_eeng, rand_demon_5, rand_demon_4, rand_demon_8,
          nicolae_pan_sigil_eeng, rand_demon_4, nicolae_pan_hourglass,
          cerebov_grunt_fire_and_steel, gloorx_vloq, pan_blood_fountain_small,
          pan_blood_fountain_2, nicolae_pan_gloorx_vloqian_2,
          nicolae_pan_strange_glyphs, rand_demon_7, nicolae_pan_double_arrow,
          mnoleg_st, pan_blood_fountain_small, uniq_mennas_pan,
          nicolae_pan_strange_glyphs, rand_demon_2, lom_lobon_grunt,
          nicolae_pan_sigil_uleosi
Lab:      labyrinth_hidden_loot
Bazaar:   bazaar_jpeg_circle_common
WizLab:   wizlab_doroklohe

Skill      XL: |  1  2  3  4  5  6  7  8  9 10 11 12 13 14 15 16 17 18 19 20 21 22 23 24 25 26 27 |
---------------+----------------------------------------------------------------------------------+-----
Fighting       | 1 2 3 4 6 8 9 10 11 12 13 20 | 20.9
Spellcasting   | 3 5 7 9 10 11 12 14 15 16 22 | 22.4
Conjurations   | 5 6 7 8 9 10 11 12 25 | 25.3
Hexes          | 2 4 5 7 8 |  8.4
Necromancy     | 2 5 6 8 10 11 12 13 14 15 16 25 | 25.4
Polearms       | 1 3 5 6 7 8 14 | 14.0
Dodging        | 4 6 7 8 11 16 | 16.9
Armour         | 3 6 8 9 |  9.1
Shields        | 2 5 7 8 9 17 | 17.9
Stealth        | 3 |  3.8
Fire Magic     | 4 8 |  8.8
Summonings     | 3 12 15 | 15.7
Charms         | 3 4 14 | 14.2
Ice Magic      | 5 9 11 22 | 22.4
Air Magic      | 5 9 |  9.7
Transmutations | 4 6 11 | 11.7
Earth Magic    | 8 |  8.0

Action                   |  1- 3 |  4- 6 |  7- 9 | 10-12 | 13-15 | 16-18 | 19-21 | 22-24 | 25-27 || total
-------------------------+-------+-------+-------+-------+-------+-------+-------+-------+-------++-------
Melee: Mace              |    50 |    57 |       |       |       |       |       |       |       ||   107
       Unarmed           |    17 |       |       |       |       |       |       |       |       ||    17
       Spear             |       |    58 |   294 |   718 |  1066 |  1665 |       |       |       ||  3801
       Headbutt          |       |       |    40 |    76 |   169 |   348 |   124 |    96 |  2728 ||  3581
       Demon blade       |       |       |       |       |       |    70 |   535 |       |       ||   605
       Demon trident     |       |       |       |       |       |       |    92 |   627 | 10488 || 11207
       Staff             |       |       |       |       |       |       |       |       |    59 ||    59
 Cast: Magic Dart        |    55 |    90 |    22 |    26 |     5 |       |       |       |       ||   198
       Iskenderun's Myst |       |     5 |     6 |    51 |    13 |       |       |       |       ||    75
       Fulminant Prism   |       |       |       |    48 |    52 |     1 |       |       |       ||   101
       Vampiric Draining |       |       |       |    22 |    35 |    75 |       |       |       ||   132
       Animate Dead      |       |       |       |    17 |    60 |    75 |    34 |    38 |    69 ||   293
       Cigotuvi's Embrac |       |       |       |     5 |    16 |    15 |     4 |     2 |     6 ||    48
       Sublimation of Bl |       |       |       |     4 |    45 |    77 |   172 |    97 |   376 ||   771
       Bolt of Draining  |       |       |       |       |   136 |   239 |   283 |   320 |   170 ||  1148
       Dispel Undead     |       |       |       |       |     9 |    43 |   328 |    81 |   380 ||   841
       Fireball          |       |       |       |       |       |    11 |     4 |       |       ||    15
       Haunt             |       |       |       |       |       |       |    61 |    24 |    98 ||   183
       Regeneration      |       |       |       |       |       |       |    24 |    20 |    53 ||    97
       Freezing Cloud    |       |       |       |       |       |       |       |    62 |    91 ||   153
       Simulacrum        |       |       |       |       |       |       |       |     9 |    68 ||    77
       Necromutation     |       |       |       |       |       |       |       |       |   245 ||   245
       Glaciate          |       |       |       |       |       |       |       |       |   484 ||   484
       Lee's Rapid Decon |       |       |       |       |       |       |       |       |    28 ||    28
       Haste             |       |       |       |       |       |       |       |       |    17 ||    17
       Repel Missiles    |       |       |       |       |       |       |       |       |     8 ||     8
       Borgnjor's Revivi |       |       |       |       |       |       |       |       |     2 ||     2
       Death's Door      |       |       |       |       |       |       |       |       |     1 ||     1
Invok: Receive Corpses   |       |       |       |       |     6 |    17 |    19 |    17 |    40 ||    99
       Receive Necronomi |       |       |       |       |       |     1 |       |       |       ||     1
       Torment           |       |       |       |       |       |       |       |     1 |       ||     1
 Abil: Evoke Flight      |       |       |       |       |       |       |       |     6 |     6 ||    12
       Stop Flying       |       |       |       |       |       |       |       |     1 |       ||     1
       End Transformatio |       |       |       |       |       |       |       |       |    88 ||    88
Evoke: Wand              |       |       |       |     1 |     1 |     1 |     1 |    11 |    23 ||    38
       Rod               |       |       |       |       |       |       |       |     1 |     1 ||     2
  Use: Scroll            |       |     6 |     9 |    21 |    13 |    23 |    24 |    12 |    54 ||   162
       Potion            |       |       |       |       |     4 |    14 |     3 |    11 |    16 ||    48
 Stab: Sleeping          |     1 |     1 |    10 |    30 |    43 |    27 |    29 |     5 |    53 ||   199
       Distracted        |       |       |     2 |     5 |    17 |    32 |     7 |    13 |   126 ||   202
       Invisible         |       |       |       |       |       |     1 |       |       |     2 ||     3
       Paralysed         |       |       |       |       |       |       |       |       |     1 ||     1
  Eat: Chunk             |     3 |     9 |    26 |    57 |    68 |    69 |    67 |    49 |   102 ||   450
       Bread ration      |       |     1 |       |       |     1 |     1 |     1 |       |    16 ||    20
       Beef jerky        |       |       |     1 |       |       |       |       |       |     4 ||     5
       Fruit             |       |       |       |       |       |     3 |     1 |     4 |     5 ||    13
       Pizza             |       |       |       |       |       |     1 |     2 |       |     2 ||     5
       Royal jelly       |       |       |       |       |       |     1 |       |       |     2 ||     3
       Meat ration       |       |       |       |       |       |       |       |       |     7 ||     7
Armor: Robe              |    35 |    30 |     1 |       |       |       |       |       |       ||    66
       Leather armour    |       |       |    90 |    48 |       |       |       |       |       ||   138
       Ring mail         |       |       |     7 |       |       |       |       |       |       ||     7
       Troll leather arm |       |       |       |   121 |   229 |   430 |   182 |   185 |  1547 ||  2694
Dodge: Dodged            |    74 |   100 |   103 |   302 |   424 |   825 |   424 |   359 |  4088 ||  6699
       Deflected         |       |       |       |       |       |       |       |       |    46 ||    46
Block: Other             |       |       |       |     6 |    12 |       |       |       |       ||    18
       Buckler           |       |       |       |       |    42 |       |       |   247 |  5619 ||  5908
       Shield            |       |       |       |       |   191 |  1351 |   661 |   196 |       ||  2399
       Reflection        |       |       |       |       |     3 |    33 |    42 |    20 |    90 ||   188
